← All builds
Tech / Armada / Economy first / OBSERVED BUILD

Fast fusion

Armada Tech (Eco) build order · Supreme Isthmus

Standard T2 rush economy build that adds an earlier Fusion Reactor around 8:52 to scale power sooner, with units fighting only on the team's own side afterward.

Usually first T2 con to Geo (81%)

#eco #t2 · 181 distinct matches · 63 players · 6% of Armada Tech games · team won 59% of 187 · Recently observed

THE CATCH, AND WHAT COMES WITH IT
  • Fusion ReactorFusion Reactor from 8:52 · 12% of role by thenOnly 12% of Tech games have it by then; others who build it get it around 11:21

Then transitions into anti-nuke (30% of army).

HOW TO PLAY IT

Key timing: Fusion Reactor by 10:00

  1. Run the standard T2 rush opening with Bot Lab then Advanced Bot Lab.
  2. Get the Advanced Bot Lab up on the usual fast timing.
  3. Upgrade to Advanced Metal Extractor on the normal schedule.
  4. Transition into the typical Citadel anti-nuke and Armageddon nuke silo army.
  5. Push an early Fusion Reactor, well ahead of the role's usual 12:03.

Phase by phase

TYPICAL OF ITS 181 GAMES · AGAINST STANDARD TECH
  1. 1
  2. 2
  3. 3
  4. 4
  5. 5
PLAY THE OPENING

Follow the example game's first 9:52 step by step: what to build now, what comes next, and where it goes. At 1× it keeps pace with your own game.

  1. 1

    Up to the Bot Lab

    Economy
    • Metal Extractor3Mex
    • Wind Turbine4Wind
    Order
    1. Bot LabBot Lab after 3 mex, 4 winddone ~1:16, middle half 1:09–1:30

    By 0:59 in all: 3 mex · 4 wind

    The example game in this phase · 4 steps
    1. Mex ×3
    2. Wind ×5
    3. Energy storage
    4. Bot LabBot Labdone 1:38 · typical 1:16
  2. 2

    Bot Lab to Advanced Bot Lab

    Economy
    • Metal Extractor1Mex
    • Wind Turbine9Wind
    • Energy Storage1Energy storage
    Order
    1. Advanced Bot LabAdvanced Bot Lab after 4 mex, 12 wind, 3 con turretdone ~4:15, middle half 4:03–4:28
    Builders
    • Construction Turret3 Con turret
    • Lazarus4 Lazarus
    • Construction Bot2 Con bot
    • Construction Bot1 Con bot for allies

    Some games also: converter (46%)

    By 3:13 in all: 4 mex · 12 wind · 1 energy storage · 3 con turret

    The example game in this phase · 16 steps
    1. LazarusLazarus
    2. Construction BotCon bot
    3. Wind ×2
    4. Construction BotCon bot
    5. Wind ×2
    6. Construction BotCon botfor Air
    7. Wind
    8. Con turret
    9. Mex
    10. Con turret
    11. Wind ×2
    12. Con turret
    13. Wind
    14. Converter
    15. Wind ×2
    16. Advanced Bot LabAdvanced Bot Labdone 4:23 · typical 4:15
  3. 3

    Advanced Bot Lab to 5:00

    Economy
    • Wind Turbine3Wind
    Order
    1. Bot LabEat Bot Lab
    Builders
    • Advanced Construction Bot1 T2 con bot for allies

    Some games also: converter (49%)

    By 5:00 in all: 4 mex · 17 wind · 2 converter · 1 energy storage · 3 con turret

    The example game in this phase · 8 steps
    1. Wind ×4
    2. Converter
    3. Wind ×2
    4. Energy storage
    5. Bot LabEat Bot Labreclaimed for its metal
    6. Converter ×2
    7. Advanced Construction BotT2 con botfor Geo
    8. Advanced Metal ExtractorT2 mex ×3done 5:26 · typical 5:20
  4. 4

    5:00 to Fusion Reactor

    Economy
    • Wind Turbine26Wind
    • Energy Converter3Converter+2 vs standard
    Order
    1. Fusion ReactorFusion Reactor after 4 mex, 43 wind, 7 converterdone ~10:12, middle half 9:51–10:42
    Builders
    • Butler8 Butler +3 vs standard
    • Advanced Construction Bot3 T2 con bot for allies
    • Advanced Construction Bot1 T2 con bot

    Some games also: con turret (49%)

    By 8:52 in all: 4 mex · 43 wind · 7 converter (standard 4) · 1 energy storage · 3 con turret

    The example game in this phase · 19 steps
    1. Advanced Construction BotT2 con botfor Air
    2. ButlerButler ×2
    3. Advanced Metal ExtractorT2 mex
    4. ButlerButler ×4
    5. Advanced Construction BotT2 con botfor Pond
    6. Wind ×2
    7. Advanced Construction BotT2 con botfor Geo sea
    8. Wind ×21
    9. Advanced Construction BotT2 con botfor Beach sea
    10. Wind ×6
    11. Advanced Construction BotT2 con bot
    12. Wind ×5
    13. ButlerButler
    14. Wind ×2
    15. ButlerButler
    16. Wind ×2
    17. ButlerButler
    18. Wind ×8
    19. Fusion ReactorFusiondone 10:40 · typical 10:12
  5. 5

    Fusion Reactor to 15:00

    Economy
    • Wind Turbine87Wind−63 vs standard
    • Energy Converter48Converter
    Order
    1. Advanced Bot LabEat Advanced Bot Lab
    2. Fusion ReactorFusion after 86 wind, 18 converter, 7 con turretin 63% of games
    Builders
    • Construction Turret10 Con turret +3 vs standard

    Some games also: anti-nuke (49%) · Advanced Fusion Reactor (38%) · Aircraft Plant (37%) · metal storage (35%) · Butler (33%)

    The standard build makes here, this one skips: 6 Butler

    By 15:00 in all: 4 mex · 133 wind (standard 186) · 2 fusion · 55 converter · 1 energy storage · 1 metal storage

    The example game in this phase · 122 steps
    1. Wind ×2
    2. Converter
    3. Wind ×3
    4. Converter
    5. Wind ×4
    6. Converter
    7. Wind ×3
    8. Converter
    9. Wind ×3
    10. Converter
    11. Wind ×4
    12. Converter
    13. Wind ×2
    14. Converter
    15. Wind ×2
    16. UmbrellaAnti-nukedone 11:06
    17. Wind ×2
    18. Converter
    19. Wind ×3
    20. Converter
    21. Wind ×3
    22. Converter
    23. Wind ×3
    24. Converter
    25. Wind ×3
    26. Converter
    27. Wind ×2
    28. Converter
    29. Wind ×4
    30. Converter
    31. Fusion ReactorFusion
    32. Wind ×4
    33. Converter
    34. Wind ×2
    35. Converter
    36. Wind ×4
    37. Converter
    38. Wind ×5
    39. Converter
    40. Wind ×4
    41. Converter
    42. Wind ×2
    43. Converter
    44. Wind ×4
    45. Converter
    46. Wind ×3
    47. Converter
    48. Wind ×3
    49. NettleNettle
    50. Converter
    51. Wind ×3
    52. Converter
    53. Wind ×4
    54. Converter
    55. Wind ×2
    56. Converter
    57. Wind ×2
    58. Con turret
    59. Wind ×2
    60. Converter
    61. Wind
    62. T2 converter
    63. Wind
    64. Con turret
    65. Converter
    66. Wind ×2
    67. Con turret
    68. Wind ×2
    69. Converter
    70. Con turret
    71. Wind ×2
    72. Con turret
    73. Wind
    74. Converter
    75. Con turret
    76. Wind
    77. Con turret
    78. Wind
    79. Converter
    80. Advanced Fusion ReactorAdvanced Fusion Reactornot finished by 15:00
    81. Wind
    82. Converter
    83. Wind ×3
    84. Converter
    85. Wind
    86. Con turret
    87. Wind
    88. Con turret
    89. Wind ×2
    90. Converter
    91. Con turret
    92. Wind ×2
    93. Con turret
    94. Wind
    95. Converter
    96. Con turret ×2
    97. Wind ×2
    98. Converter
    99. Wind ×4
    100. Converter
    101. Wind ×2
    102. Converter
    103. Wind ×2
    104. T2 converter
    105. Wind ×2
    106. Converter
    107. Wind ×3
    108. Converter
    109. Wind ×3
    110. Converter
    111. Wind ×4
    112. Converter
    113. Wind ×2
    114. Advanced Bot LabEat Advanced Bot Labreclaimed for its metal
    115. Wind ×2
    116. Converter
    117. Wind ×2
    118. Converter
    119. Wind ×8
    120. Converter
    121. Wind ×5
    122. Converter

Counts are medians over the build's games: half of them build more, half fewer. The example game is kiramako's (31 OS, 03/08/2026); pick another.

Team trades

IN AT LEAST 30% OF ITS GAMES

You hand over

  • Construction Bot1 Con bot to Airfirst at 2:22 · in 84% of games
  • Advanced Construction Bot5 T2 con bot to Air or Pond or Beach seafirst at 4:47 · in 100% of games

You get

  • Hercules1 Light transport from Airfirst at 3:55 · in 86% of games

How it plays out

Typical game of this build against the role’s standard build, running totals by minute

  • This build
  • Standard tech

Metal produced

020k40k
0:005:0010:0015:00

metal

Enemy metal destroyed

050100150
0:005:0010:0015:00

metal

Own metal lost

050100150
0:005:0010:0015:00

metal

187 games.

Show as table
ByMetal produced: This buildMetal produced: Standard techEnemy metal destroyed: This buildEnemy metal destroyed: Standard techOwn metal lost: This buildOwn metal lost: Standard tech
1:003843830000
2:009179150000
3:00169016520000
4:00320231440000
5:00487748470000
6:00596058020000
7:00765872280000
8:00974090660000
9:0012176111830000
10:0015777135200000
11:0019796162390000
12:0023367196640000
13:0027006234400000
14:00309552730300074
15:003585031520010575130
WHAT THE NUMBERS SAY

Won more often than the standard build and pulled well ahead on metal production with almost no combat losses either way.

  • + Metal production at 15:00 reaches 36430 vs 31668 standard.
  • + Won more often than the standard build (60% vs 53%).
  • − Enemy metal destroyed by 15:00 is lower than standard (39 vs 266).
  • − Fusion push is purely economic, offering no early combat payoff.
THE EXAMPLE YOU ARE READING

kiramako

31.1 OS · 03/08/2026

Open source match ↗

1 received units
1940 metal received · 38221 energy received

Allied construction assistance is unknown. Timings are observations, not a promise of solo reproducibility.

Typical milestones

Bot Lab1:16Middle 50%: 1:09–1:30 · n=187
Advanced Bot Lab4:15Middle 50%: 4:03–4:28 · n=187
Advanced Metal Extractor5:20Middle 50%: 5:00–5:40 · n=187
Fusion Reactor10:12Middle 50%: 9:51–10:42 · n=174

Played most by

Teaner31games of this buildSyphos12games of this buildKOT_11games of this build[Grump]Grumpiness9games of this buildhaaven8games of this build